 Dungeon Crawl Stone Soup version 0.21.1-1-g345015fe64 (webtiles) character file.

270 Hercules1031 the Chopper (level 6, -1/56 HPs)
             Began as a Deep Dwarf Fighter on June 22, 2018.
             Slain by Peloso's ghost (6 damage)
             ... on level 4 of the Dungeon.
             The game lasted 00:12:24 (3173 turns).

Hercules1031 the Chopper (Deep Dwarf Fighter)       Turns: 3173, Time: 00:12:25

Health: -1/56      AC:  9    Str: 21    XL:     6   Next: 1%
Magic:  5/5        EV:  5    Int:  9    God:
Gold:   178        SH: 12    Dex: 12    Spells: 7/7 levels left

rFire    + . .     SeeInvis .   a - +3 war axe
rCold    x . .     Gourm    .   c - +3 shield
rNeg     . . .     Faith    .   k - +0 chain mail
rPois    .         Spirit   .   (no helmet)
rElec    .         Reflect  .   (no cloak)
rCorr    .         Harm     .   (no gloves)
MR       +....                  (no boots)
Stlth    ..........             (no amulet)
HPRegen  0.00/turn              e - ring of protection from magic
MPRegen  0.09/turn              i - ring of fire

@: non-regenerating
A: damage resistance, heal wounds, sense surroundings 1, no regeneration
a: Heal Wounds


You were on level 4 of the Dungeon.
You were not hungry.

You visited 1 branch of the dungeon, and saw 4 of its levels.

You collected 178 gold pieces.

Inventory:

Hand Weapons
 a - a +3 war axe (weapon)
Armour
 b - a +0 scale mail
 c - a +3 shield (worn)
 k - a +0 chain mail (worn)
Jewellery
 e - a ring of protection from magic (left hand)
 i - a ring of fire (right hand)
Wands
 g - a wand of iceblast (6)
Scrolls
 h - 4 scrolls of identify
 j - 3 scrolls of remove curse
Comestibles
 f - 3 rations


   Skills:
 + Level 3.5 Fighting
 * Level 4.5 Axes
 + Level 4.2 Armour
 + Level 4.3 Shields
 + Level 1.2 Spellcasting


You had 7 spell levels left.
You didn't know any spells.

Dungeon Overview and Level Annotations

Branches:
Dungeon (4/15)
 Temple: D:4-7

Altars:

Shops:
D:4 :

Annotations:
D:4 Peloso's ghost, amateur DDFi


Innate Abilities, Weirdness & Mutations

You are resistant to damage.
You can heal yourself by infusing magical energy.
You passively map a small area around you.
You do not regenerate.


Message History

You barely miss Peloso's ghost.
Peloso's ghost is almost destroyed.
You block Peloso's ghost's attack.
Peloso's ghost screams, "Zot is a myth, the ORB is a fable, you'll soon be a tale!"
Peloso's ghost barely misses you.
You hit Peloso's ghost but do no damage.
Peloso's ghost is almost destroyed.
You block Peloso's ghost's attack.
You hit Peloso's ghost.
Peloso's ghost is almost destroyed.
Peloso's ghost hits you!
* * * LOW HITPOINT WARNING * * *
You hit Peloso's ghost but do no damage.
Peloso's ghost is almost destroyed.
You block Peloso's ghost's attack. Peloso's ghost hits you!
* * * LOW HITPOINT WARNING * * *
You closely miss Peloso's ghost.
Peloso's ghost is almost destroyed.
Peloso's ghost hits you!
You die...

* #)# #..##.# ##
'######.####.##.# #.
# #..............#
##
**#.#.######.##.####
# , . ##.#. #.##.#
..#.... ####.##.#
...$...* #.......# *
..#...†###.##.#### ,
, ......W@...##.#
**..####.######.# >
#. , ..# , ## ### ,
,


You could see Peloso's ghost.

Vanquished Creatures
  The ghost of spacerossing the Chopper, an amateur FoFi (D:3)
  An iguana (D:4)
  An orc wizard (D:4)
  Terence (D:2)
  5 adders
  3 worms
  A dart slug (D:1)
  A leopard gecko (D:3)
  5 orcs
  A ball python (D:2)
  8 bats
  4 giant cockroaches
  6 hobgoblins
  A quokka (D:2)
  A ball python skeleton (D:4)
  6 frilled lizards
  3 goblins
  8 kobolds
  6 rats
63 creatures vanquished.

Notes
Turn   | Place    | Note
-------+----------+-------------------------------------------
     0 | D:1      | Hercules1031 the Deep Dwarf Fighter began the quest for the Orb.
     0 | D:1      | Reached XP level 1. HP: 20/20 MP: 1/1
   175 | D:1      | Reached XP level 2. HP: 27/27 MP: 2/2
   948 | D:2      | Reached XP level 3. HP: 28/34 MP: 3/3
  1399 | D:2      | Noticed Terence
  1420 | D:2      | Killed Terence
  1524 | D:3      | Reached XP level 4. HP: 42/42 MP: 2/2
  1797 | D:3      | Noticed spacerossing's ghost (amateur FoFi)
  1810 | D:3      | Killed spacerossing's ghost
  1810 | D:3      | Reached skill level 1 in Spellcasting
  1810 | D:3      | Reached XP level 5. HP: 27/49 MP: 2/4
  2511 | D:4      | Found Qigin's Book Emporium.
  3154 | D:4      | Noticed Peloso's ghost (amateur DDFi)
  3160 | D:4      | Reached XP level 6. HP: 43/56 MP: 5/5
  3173 | D:4      | Slain by Peloso's ghost

Skill      XL: |  1  2  3  4 |
---------------+-------------+-----
Fighting       | 3 |  3.5
Axes           | 3 4 |  4.5
Shields        | 4 |  4.3
Armour         | 4 |  4.2
Spellcasting   | 1 |  1.2

Action                   |  1- 3 |  4- 6 || total
-------------------------+-------+-------++-------
Melee: War axe           |   118 |    97 ||   215
 Abil: Heal Wounds       |     2 |     2 ||     4
  Use: Scroll            |     7 |     4 ||    11
       Potion            |     2 |     5 ||     7
  Eat: Ration            |     1 |     2 ||     3
Armor: Scale mail        |    78 |    28 ||   106
       Chain mail        |       |     6 ||     6
Dodge: Dodged            |    48 |    20 ||    68
Block: Shield            |    81 |    70 ||   151
